 Dungeon Crawl Stone Soup version 0.29.1-12-g30fa7ad0bf (webtiles) character file.

Game seed: 16731876601018969379

8141 EarthwalkerPL the Ruffian (level 11, 0/107 HPs)
             Began as a Troll Fighter on Jan 7, 2023.
             Was a High Priest of Okawaru.
             Slain by an orc knight
             ... wielding a +0 battleaxe
              (5 damage)
             ... on level 9 of the Dungeon.
             The game lasted 00:25:20 (8570 turns).

EarthwalkerPL the Ruffian (Troll Fighter)           Turns: 8570, Time: 00:25:21

Health: 0/107      AC:  5    Str: 32    XL:     11   Next: 6%
Magic:  9/10       EV: 10    Int:  1    God:    Okawaru [*****.]
Gold:   607        SH:  9    Dex:  9    Spells: 10/10 levels left

rFire   . . .      SeeInvis .     - Unarmed
rCold   . . .      Faith    .   b - +0 kite shield
rNeg    . . .      Spirit   .   a - +0 robe
rPois   +          Reflect  .   d - +1 hat
rElec   .          Harm     .   (no cloak)
rCorr   +          Rampage  .   (gloves unavailable)
Will    .....                   (boots unavailable)
Stlth   +.........              O - amulet of the Circus Animal {rPois Regen+ Str+2 Int-3}
HPRegen 1.87/turn               y - +4 ring of slaying
MPRegen 0.12/turn               L - ring of resist corrosion

@: no status effects
A: large, unfitting armour, claws 3, regeneration 1, shaggy fur 1, tough skin 1
a: Renounce Religion, Heroism, Finesse, Duel


You were on level 9 of the Dungeon.
You worshipped Okawaru.
Okawaru was extremely pleased with you.
You visited 3 branches of the dungeon, and saw 11 of its levels.
You also visited: Ossuary and Bailey.

You collected 1076 gold pieces.
You spent 469 gold pieces at shops.

Inventory:

Hand Weapons
 e - a +0 broad axe
 E - a +3 broad axe
 I - a +0 battleaxe
Missiles
 h - 17 boomerangs (quivered)
 i - 49 poisoned darts
 m - 3 atropa-tipped darts
Armour
 a - a +0 robe (worn)
 b - a +0 kite shield (worn)
 d - a +1 hat (worn)
Jewellery
 p - an amulet of faith
 v - a ring of fire
 y - a +4 ring of slaying (left claw)
 L - a ring of resist corrosion (right claw)
 O - the amulet of the Circus Animal (around neck) {rPois Regen+ Str+2 Int-3}
   (You bought it in a shop on level 2 of the Dungeon)

   [amulet of regeneration]

   Str:       It affects your strength (+2).
   Int:       It affects your intelligence (-3).
   rPois:     It protects you from poison.
   Regen:     It increases your rate of health regeneration.
Wands
 P - a wand of acid (3)
Scrolls
 f - 3 scrolls of blinking
 g - 2 scrolls of butterflies
 n - 2 scrolls of enchant armour
 o - 2 scrolls of amnesia
 r - 4 scrolls of teleportation
 s - 4 scrolls of immolation
 t - 20 scrolls of noise
 u - 2 scrolls of magic mapping
 w - a scroll of enchant weapon
 A - a scroll of torment
 J - a scroll of brand weapon
 K - a scroll of summoning
 M - a scroll of silence {unknown}
Potions
 c - 5 potions of might
 j - 4 potions of curing
 k - a potion of haste
 l - 3 potions of cancellation {unknown}
 q - 5 potions of flight
 x - 5 potions of brilliance {unknown}
 z - 4 potions of heal wounds {unknown}
 B - a potion of ambrosia {unknown}
 C - 2 potions of attraction {unknown}
 D - 3 potions of mutation {unknown}
 F - 5 potions of magic {unknown}
 G - 8 potions of degeneration
 H - a potion of lignification {unknown}
 Q - 2 potions of berserk rage {unknown}
Miscellaneous
 N - a tin of tremorstones (2/2)


   Skills:
 - Level 6.8 Fighting
 * Level 6.5 Axes
 - Level 6.9 Dodging
 - Level 7.5 Shields
 - Level 7.9 Unarmed Combat


You had 10 spell levels left.
You didn't know any spells.
Your spell library contained the following spells:

 Spells                   Type           Power      Damage    Failure   Level
 Apportation              Tloc           0%         N/A       82%         1
 Magic Dart               Conj           0%         1d3       82%         1
 Necrotise                Necr           0%         1d4       82%         1
 Searing Ray              Conj           0%         2d4       91%         2
 Fulminant Prism          Conj/Hex       0%         3d6       100%        4
 Summon Small Mammal      Summ           Unusable   N/A       N/A         1

Dungeon Overview and Level Annotations

Branches:
Dungeon (9/15)             Temple (1/1) D:5            Lair (0/5) D:9
    Orc (1/2) D:9         Ossuary (visited)          Bailey (visited)

Altars:
Ashenzari
Cheibriados
Dithmenos
Elyvilon
Fedhas
Gozag
Hepliaklqana
Kikubaaqudgha
Makhleb
Nemelex Xobeh
Okawaru
Qazlal
Ru
Sif Muna
Trog
Uskayaw
Wu Jian
Xom
Yredelemnul
Zin
The Shining One

Shops:
D:2 =   D:4 ?(::[


Innate Abilities, Weirdness & Mutations

You are too large for most types of armour.
You have claws for hands.
Your natural rate of healing is unusually fast.
You are covered in fur. (AC +1)
You have tough skin. (AC +1)


Message History

You scratch the orc knight but do no damage.
The orc barely misses you.
The orc knight hits you with a +0 battleaxe!
The orc warrior hits you with a +0 flail!
You mangle the orc knight!!
The orc knight is moderately wounded.
You block the orc's attack.
The orc knight hits you with a +0 battleaxe!
The orc warrior hits you with a +0 flail!!
You claw the orc knight!
The orc knight is heavily wounded.
You feel like a meek peon again. The orc hits you but does no damage.
The orc knight hits you with a +0 battleaxe!
The orc warrior hits you with a +0 flail!!
* * * LOW HITPOINT WARNING * * *
You scratch the orc knight but do no damage.
The orc knight is heavily wounded.
You block the orc's attack. You block the orc knight's attack.
The orc warrior hits you with a +0 flail.
* * * LOW HITPOINT WARNING * * *
You scratch the orc knight.
The orc knight is severely wounded.
You block the orc's attack.
The orc knight roars a battlecry!
The orcs go into a battle-frenzy!
The orc warrior barely misses you.
You scratch the orc knight.
The orc knight is severely wounded.
You block the orc's attack.
The orc knight hits you with a +0 battleaxe!
* * * LOW HITPOINT WARNING * * *
The orc warrior hits you with a +0 flail!
* * * LOW HITPOINT WARNING * * *
You barely miss the orc knight.
The orc knight is severely wounded.
The orc hits you with a +0 dagger.
* * * LOW HITPOINT WARNING * * *
The orc knight hits you with a +0 battleaxe.
You die...

.........# #...................#
.........# #......>.......###..#
<........###..............# #..##
................P.........# #....
..............#.......#...# #...#
..............#.......#...# #...#
......).####..##.....##...# #...#
........# #..###...###...# #...#
........# #...o@o........# #...#
........# #...o.[........# #...#
........# #.............)###...#
........####.....................
.........).).)...................
#################################


You could see an orc knight, an orc warrior (strong) and an orc (strong).

Vanquished Creatures
  An orc warlord (Bailey)
  A two-headed ogre (D:8)
  Joseph (D:8)
  15 yaks
  5 wargs (D:9)
  An acid dragon (D:9)
  2 water moccasins
  8 orc warriors
  A black bear (D:6)
  An ice beast (D:8)
  4 ogres
  A centaur (D:8)
  A phantom (D:5)
  A necrophage (D:5)
  3 kobold brigands
  2 bullfrogs (D:7)
  A scorpion (D:5)
  3 wights (D:5)
  2 jellies
  7 orc priests
  A gnoll bouda (D:5)
  5 hounds
  2 human zombies (Ossuary)
  12 orc wizards
  5 iguanas
  3 mummies (Ossuary)
  8 gnolls
  8 adders
  2 shadow imps
  A white imp (D:5)
  An ufetubus (D:4)
  3 worms
  5 dart slugs
  56 orcs
  7 ball pythons
  3 bats
  5 endoplasms
  5 giant cockroaches
  14 goblins
  11 hobgoblins
  4 jackals (D:4)
  27 kobolds
  3 quokkas
  5 frilled lizards
  A goblin zombie (Ossuary)
  2 hobgoblin zombies (Ossuary)
  A kobold zombie (Ossuary)
  2 orc zombies (Ossuary)
  6 rats
269 creatures vanquished.

Vanquished Creatures (others)
  An orc wizard (D:9)
1 creature vanquished.

Grand Total: 270 creatures vanquished

Notes
Turn   | Place    | Note
-------+----------+-------------------------------------------
     0 | D:1      | EarthwalkerPL the Troll Fighter began the quest for the
                  | Orb.
     0 | D:1      | Reached XP level 1. HP: 22/22 MP: 0/0
   188 | D:1      | Reached XP level 2. HP: 29/29 MP: 1/1
   782 | D:1      | Found a faded altar of an unknown god.
   937 | D:2      | Reached XP level 3. HP: 36/36 MP: 2/2
  1013 | D:2      | Found Hugiatig's Jewellery Shoppe.
  1182 | D:2      | Found a white marble altar of Elyvilon.
  1485 | D:3      | Reached XP level 4. HP: 44/44 MP: 3/3
  1625 | D:3      | Found an ornate altar of the Wu Jian Council.
  1636 | D:3      | Found Riodafon's Antique Armour Shop.
  1646 | D:3      | Reached XP level 5. HP: 44/53 MP: 4/4
  1691 | D:3      | Found a broken altar of Ashenzari.
  1962 | D:4      | Found Peusemm's Book Shop.
  1965 | D:4      | Found Sagel's Antique Armour Boutique.
  2031 | D:4      | Found Cucsoun's Book Shop.
  2195 | D:4      | Noticed an ogre
  2210 | D:4      | Killed an ogre
  2211 | D:4      | Reached XP level 6. HP: 61/61 MP: 5/5
  2226 | D:4      | Found a glowing golden altar of the Shining One.
  2256 | D:4      | Found Qonti's Weapon Shop.
  2269 | D:4      | Found Ygaynuth's Magic Scroll Shop.
  2488 | D:5      | Entered Level 5 of the Dungeon
  2488 | D:5      | Found a snail-covered altar of Cheibriados.
  2644 | D:5      | Found an iron altar of Okawaru.
  2660 | D:5      | Became a worshipper of Warmaster Okawaru
  2700 | D:4      | Reached XP level 7. HP: 28/68 MP: 6/6
  2946 | D:5      | HP: 3/68 [wight/+3 short sword of freezing (1)]
  3056 | D:5      | Reached * piety under Okawaru
  3277 | D:5      | Found a staircase to the Ecumenical Temple.
  3286 | Temple   | Entered the Ecumenical Temple
  3787 | D:6      | Reached skill level 5 in Unarmed Combat
  3795 | D:6      | Reached XP level 8. HP: 75/79 MP: 7/7
  3800 | D:6      | Reached skill level 5 in Shields
  3941 | D:6      | Reached ** piety under Okawaru
  3972 | D:6      | Found a stormy altar of Qazlal.
  4001 | D:6      | Reached skill level 5 in Dodging
  4004 | D:6      | Reached skill level 5 in Fighting
  4075 | D:6      | Found the +4 robe of Folly {Brilliance Will-∞ Int+8}
  4464 | D:7      | Found a basalt altar of Yredelemnul.
  4547 | D:7      | Found a sand-covered staircase.
  4553 | Ossuary  | Entered an ossuary
  4919 | D:7      | Found a burning altar of Makhleb.
  4949 | D:7      | Reached XP level 9. HP: 47/88 MP: 8/8
  4989 | D:7      | Found an ancient bone altar of Kikubaaqudgha.
  5148 | D:8      | Found a hazy altar of Hepliaklqana.
  5321 | D:8      | Noticed a two-headed ogre
  5330 | D:8      | Killed a two-headed ogre
  5330 | D:8      | Reached *** piety under Okawaru
  5346 | D:8      | Found a flagged portal.
  5355 | Bailey   | Entered a bailey
  5383 | Bailey   | Noticed an orc warlord
  5633 | Bailey   | Found a runed translucent gate.
  5635 | Bailey   | Found a runed translucent gate.
  5637 | Bailey   | Found a runed translucent gate.
  5920 | Bailey   | Acquired 445 gold pieces
  5939 | Bailey   | Killed an orc warlord
  5939 | Bailey   | Reached **** piety under Okawaru
  5940 | Bailey   | Reached XP level 10. HP: 17/100 MP: 9/9
  6540 | D:8      | Reached ***** piety under Okawaru
  6693 | D:8      | Noticed Joseph
  6708 | D:8      | Killed Joseph
  7033 | D:9      | Found a staircase to the Orcish Mines.
  7162 | D:9      | Found a staircase to the Lair.
  7214 | D:9      | Received a gift from Okawaru
  7356 | D:9      | Reached skill level 5 in Axes
  7419 | D:9      | Found a sparkling altar of Nemelex Xobeh.
  8106 | D:9      | Found an opulent altar of Gozag.
  8378 | D:2      | Bought the amulet of the Circus Animal {rPois Regen+ Str+2
                  | Int-3} for 469 gold pieces
  8483 | Orc:1    | Entered Level 1 of the Orcish Mines
  8486 | Orc:1    | Reached XP level 11. HP: 107/107 MP: 10/10
  8519 | Orc:1    | Noticed an orc knight
  8570 | D:9      | HP: 5/107 [orc/+0 dagger[an orc knight] (4)]
  8570 | D:9      | Slain by an orc knight

Illustrated notes

Levels and vault maps discovered:
D:1:      nzn_arrival_settlement, layout_basic,
          dilly_ecumenical_altar_fadedgnrine, amethyst_killhole
D:2:      layout_rooms, basic_altar, serial_shops, nicolae_shop_hallway_stairs
D:3:      layout_rooms, nicolae_wu_jian_wuxing_cycle,
          cheibrodos_ashenzari_chains, serial_shops, shop, minmay_bisected
D:4:      layout_basic, mainiacjoe_overflow_brackets, serial_shops, shop,
          shop_scrolls, nicolae_shop_hallway_plus,
          nicolae_shop_temple_entry_statues_fountains, shop, grunt_ministairs_7
D:5:      layout_cave_pools, cheibriados_altar_1, okawaru_metal_pillars_1_2,
          lemuel_temple_firewalk_b
D:6:      layout_rooms, mainiacjoe_overflow_six_doors_small
D:7:      layout_loops_cross, mainiacjoe_overflow_concentric_impassable,
          mainiacjoe_overflow_alcove_2, makhleb_heckhound_becter,
          nicolae_ossuary_entry_plus
D:8:      layout_loops_ring, mainiacjoe_overflow_small_starburst,
          enter_bailey_3, serial_rivers, chequers_serial_rivers_large_b,
          chequers_serial_rivers_micro_b, chequers_serial_rivers_micro_c,
          chequers_serial_rivers_marsh, chequers_serial_rivers_small_a,
          chequers_serial_rivers_micro_d, minmay_misc_feat_four_crosses,
          uniq_joseph
D:9:      layout_long_grid, nemelex_xobeh_ov_fountains_minmay,
          grunt_gozag_statues, erik_lair_orcish_takeover
Temple:   jpeg_temple_island
Orc:1:    layout_caves, mines2_david

Skill      XL: |  1  2  3  4  5  6  7  8  9 10 |
---------------+-------------------------------+-----
Shields        | 3 4 6 7 |  7.5
Fighting       | 3 4 5 6 |  6.8
Dodging        | 3 4 5 6 |  6.9
Unarmed Combat | 3 4 5 6 7 |  7.9
Axes           | 6 |  6.5

Action                   |  1- 3 |  4- 6 |  7- 9 | 10-12 || total
-------------------------+-------+-------+-------+-------++-------
Melee: Unarmed           |   102 |   179 |   281 |   211 ||   773
Throw: Boomerang         |       |       |    10 |       ||    10
       Dart              |       |       |     1 |       ||     1
Invok: Heroism           |       |       |       |     2 ||     2
  Use: Scroll            |       |       |    17 |     2 ||    19
       Potion            |       |       |     1 |       ||     1
 Stab: Sleeping          |     1 |       |       |       ||     1
Armor: Robe              |    38 |    47 |    53 |    31 ||   169
Dodge: Dodged            |    34 |    58 |    70 |    69 ||   231
Block: Kite shield       |    35 |    78 |    93 |    89 ||   295
